 Dungeon Crawl Stone Soup version 0.27.0-1-g7a089689b8 (webtiles) character file.

Game seed: 11490095287722580486

11577 hatdisgam the Thrower (level 11, -3/107 HPs)
             Began as an Ogre Hunter on Aug 3, 2021.
             Was an Elder of Dithmenos.
             Slain by a blink frog (14 damage)
             ... on level 1 of the Lair of Beasts.
             The game lasted 00:23:23 (11979 turns).

hatdisgam the Thrower (Ogre Hunter)                Turns: 11979, Time: 00:23:24

Health: -3/107     AC:  8    Str: 27    XL:     11   Next: 79%
Magic:  11/11      EV: 11    Int: 12    God:    Dithmenos [****..]
Gold:   581        SH:  0    Dex:  9    Spells: 10/10 levels left

rFire    . . .     SeeInvis .   D - +8 whip "Fupsa" {vorpal, Will+}
rCold    . . .     Faith    .   (no shield)
rNeg     . . .     Spirit   .   B - +0 troll leather armour {Purgy}
rPois    .         Reflect  .   (helmet restricted)
rElec    .         Harm     .   K - +2 cloak
rCorr    .         Rampage  .   (gloves unavailable)
Will     ++...                  (boots unavailable)
Stlth    +.........             g - amulet of the acrobat
HPRegen  1.27/turn              M - +6 ring of strength
MPRegen  0.12/turn              A - +4 ring of slaying

@: lethally poisoned (-3 -> -8), wreathed by umbra
A: large, unfitting armour, tough skin 1
a: Renounce Religion, Shadow Step


You were on level 1 of the Lair of Beasts.
You worshipped Dithmenos.
Dithmenos was greatly pleased with you.
You visited 3 branches of the dungeon, and saw 12 of its levels.
You also visited: Sewer and Bailey.

You collected 581 gold pieces.

Inventory:

Hand Weapons
 a - a +0 short sword
 v - a +0 mace
 D - the +8 whip "Fupsa" (weapon) {vorpal, Will+}
   (You found it on level 5 of the Dungeon)

   It inflicts extra damage upon your enemies.
   Will:      It increases your willpower.
 P - a +0 giant spiked club
Missiles
 c - 4 large rocks (quivered)
 d - 2 throwing nets
 e - 414 stones
 j - 109 poisoned darts
 m - 188 arrows
 w - 16 bolts
 y - 81 sling bullets
 O - 8 javelins
 Q - 65 boomerangs
Armour
 b - a +0 robe
 z - a +0 cloak
 B - a +0 troll leather armour (worn) {Purgy}
 K - a +2 cloak (worn)
Jewellery
 g - an amulet of the acrobat (around neck)
 t - a ring of protection from fire
 A - a +4 ring of slaying (right hand)
 G - an amulet of magic regeneration
 M - a +6 ring of strength (left hand)
 R - a +4 ring of evasion
Wands
 o - a wand of mindburst (18)
 N - a wand of flame (50)
Scrolls
 k - a scroll of fog
 l - a scroll of fear
 n - 4 scrolls of magic mapping
 p - 3 scrolls of noise
 x - 5 scrolls of teleportation
 E - a scroll of enchant weapon
 F - 2 scrolls of amnesia
 H - a scroll of immolation
 I - a scroll of vulnerability
 S - a scroll of identify
Potions
 f - a potion of berserk rage {unknown}
 h - a potion of haste {unknown}
 i - 5 potions of curing
 q - 2 potions of attraction
 r - 4 potions of brilliance
 s - 5 potions of magic
 u - 2 potions of cancellation
 C - 2 potions of heal wounds
 J - a potion of ambrosia {unknown}
 L - a potion of mutation {unknown}


   Skills:
 - Level 6.9 Fighting
 * Level 10.4 Maces & Flails
 * Level 12.3 Throwing
 + Level 6.4 Dodging
 - Level 0.6 Stealth


You had 10 spell levels left.
You didn't know any spells.
Your spell library contained the following spells:

 Spells                   Type           Power      Damage    Failure   Level
 Sting                    Tmut/Pois      0%         1d3       36%         1
 Poisonous Vapours        Pois/Air       0%         N/A       50%         2
 Call Canine Familiar     Summ           0%         N/A       73%         3
 Portal Projectile        Hex/Tloc       0%         N/A       73%         3
 Leda's Liquefaction      Hex/Erth       0%         N/A       98%         4
 Olgreb's Toxic Radiance  Pois           0%         N/A       98%         4
 Summon Ice Beast         Ice/Summ       0%         N/A       98%         4
 Fireball                 Conj/Fire      0%         3d3       100%        5
 Iskenderun's Battlesphe  Conj           0%         2d6       100%        5
 Summon Mana Viper        Hex/Summ       0%         N/A       100%        5
 Conjure Ball Lightning   Conj/Air       0%         3x3d6     100%        6
 Monstrous Menagerie      Summ           0%         N/A       100%        7
 Orb of Destruction       Conj           0%         N/A       100%        7


Dungeon Overview and Level Annotations

Branches:
Dungeon (10/15)            Temple (1/1) D:4            Lair (1/6) D:8
  Sewer (visited)          Bailey (visited)
    Orc: D:9-12

Altars:
Ashenzari
Cheibriados
Dithmenos
Elyvilon
Fedhas
Gozag
Hepliaklqana
Kikubaaqudgha
Makhleb
Nemelex Xobeh
Okawaru
Qazlal
Ru
Sif Muna
Trog
Uskayaw
Vehumet
Wu Jian
Xom
Yredelemnul
Zin
The Shining One
Lugonu

Shops:
D:7 (

Annotations:
D:4 Pikel


Innate Abilities, Weirdness & Mutations

You are too large for most types of armour.
You have tough skin. (AC +1)


Message History

The water moccasin is lightly wounded.
You feel sick. The water moccasin bites you.
You hit the water moccasin.
The water moccasin is moderately wounded.
You feel sick.
The water moccasin bites you but does no damage.
You closely miss the water moccasin.
The water moccasin is moderately wounded.
Your shadow misses the water moccasin.
You feel sick. The water moccasin misses you.
You whack the water moccasin!
The water moccasin is almost dead.
You feel sick.
You closely miss the water moccasin.
The water moccasin is almost dead.
You feel sick. The water moccasin bites you!
* * * LOW HITPOINT WARNING * * *
You are more poisoned.
The water moccasin poisons you!
The blink frog blinks!
You barely miss the water moccasin.
The water moccasin is almost dead.
Your shadow hits the water moccasin with a whip.
You kill the water moccasin!
Dithmenos accepts your kill.
You feel very sick.
You hit the water moccasin.
The water moccasin is moderately wounded.
You feel very sick. The blink frog hits you!
* * * LOW HITPOINT WARNING * * *
The water moccasin closely misses you.
You whack the water moccasin!
The water moccasin is heavily wounded.
You feel sick. The blink frog misses you.
The water moccasin bites you but does no damage.
You miss the water moccasin.
The water moccasin is heavily wounded.
You feel very sick. The blink frog hits you!
You die...

.......<.#. ##........#
P#.#######.##........##
#............#
#####.##.P##.#
#..#...## .# ##.F##.#
##F# .. #S# .P# #@# ##
####.########F#
......†.......#
#...###..##.### #
#######


You could see 2 blink frogs, a water moccasin and a bullfrog.

Vanquished Creatures
  A hydra (Lair:1)
  A two-headed ogre (D:8)
  An orb spider (shapeshifter) (D:9)
  A manticore (D:9)
  A cane toad (Lair:1)
  3 komodo dragons
  An unseen horror (D:8)
  A jumping spider (shapeshifter) (D:9)
  Prince Ribbit (D:7)
  3 blink frogs (Lair:1)
  Sigmund (D:6)
  A wyvern (D:9)
  9 yaks
  2 steam dragons
  Menkaure (D:6)
  6 water moccasins
  Purgy (Sewer)
  An ice beast (D:7)
  3 orc warriors
  A sky beast (D:6)
  8 necrophages
  A hornet zombie (D:9)
  A black bear (Lair:1)
  An ogre (D:7)
  6 wolves (Lair:1)
  4 centaurs
  4 lemures (D:5)
  A kobold brigand (D:7)
  A bullfrog (Lair:1)
  4 scorpions
  2 wyvern skeletons
  A water moccasin skeleton (D:5)
  4 killer bees (D:10)
  7 wights (D:9)
  2 howler monkeys (D:8)
  A bullfrog zombie (D:7)
  5 centaur zombies
  4 jellies
  7 hounds
  7 orc priests
  A centaur skeleton (D:7)
  3 iguanas
  5 orc wizards
  A killer bee zombie (D:7)
  2 hound skeletons
  A mummy (D:9)
  A howler monkey zombie (D:9)
  11 gnolls
  6 adders
  A shadow imp (D:3)
  A white imp (D:8)
  A worm (D:2)
  2 dart slugs
  22 orcs
  9 endoplasms
  5 giant cockroaches
  9 goblins
  15 hobgoblins
  12 jackals
  11 kobolds
  8 quokkas
  11 ball pythons
  2 bats
  6 frilled lizards
  A quokka skeleton (D:4)
  8 rats
266 creatures vanquished.

Vanquished Creatures (others)
  A fungus (Lair:1)
  12 plants
  A withered plant (D:9)
14 creatures vanquished.

Grand Total: 280 creatures vanquished

Notes
Turn   | Place    | Note
-------+----------+-------------------------------------------
     0 | D:1      | hatdisgam the Ogre Hunter began the quest for the Orb.
     0 | D:1      | Reached XP level 1. HP: 22/22 MP: 1/1
   230 | D:1      | Reached XP level 2. HP: 25/31 MP: 2/2
   742 | D:1      | Reached XP level 3. HP: 37/37 MP: 3/3
   917 | D:1      | Found a faded altar of an unknown god.
  1773 | D:2      | Reached skill level 5 in Throwing
  1939 | D:2      | Reached XP level 4. HP: 10/48 MP: 4/4
  1951 | D:2      | HP: 2/48 [hobgoblin (2)]
  3580 | D:4      | Noticed a scorpion
  3744 | D:4      | Reached skill level 1 in Maces & Flails
  3744 | D:4      | Reached XP level 5. HP: 24/54 MP: 5/5
  4458 | D:4      | Found a staircase to the Ecumenical Temple.
  4526 | D:4      | Reached XP level 6. HP: 62/62 MP: 6/6
  4585 | Temple   | Entered the Ecumenical Temple
  4631 | Temple   | Became a worshipper of Dithmenos the Shadowed
  4716 | D:4      | Found a bloodstained altar of Trog.
  4803 | D:4      | Reached skill level 6 in Throwing
  5084 | D:5      | Entered Level 5 of the Dungeon
  5084 | D:5      | Noticed a yak
  5084 | D:5      | Noticed a yak
  5087 | D:5      | Noticed a yak
  5658 | D:5      | Found a glowing drain.
  5679 | Sewer    | Entered a sewer
  5917 | Sewer    | Noticed Purgy
  5935 | Sewer    | Killed Purgy
  5936 | Sewer    | Reached XP level 7. HP: 24/70 MP: 7/7
  6383 | D:5      | Found a hide-covered altar of Uskayaw.
  6487 | D:5      | Noticed Pikel
  6709 | D:5      | Identified the +8 whip "Fupsa" {vorpal, Will+}
  6779 | D:5      | Reached skill level 7 in Throwing
  6779 | D:5      | Reached XP level 8. HP: 62/78 MP: 8/8
  6903 | D:5      | Found a basalt altar of Yredelemnul.
  6905 | D:5      | Found an opulent altar of Gozag.
  6914 | D:5      | Found a hazy altar of Hepliaklqana.
  6915 | D:5      | Found a radiant altar of Vehumet.
  6915 | D:5      | Found a shimmering altar of Xom.
  6916 | D:5      | Found an ancient bone altar of Kikubaaqudgha.
  7077 | D:6      | Reached * piety under Dithmenos
  7123 | D:6      | Found a sacrificial altar of Ru.
  7186 | D:6      | Reached skill level 5 in Maces & Flails
  7216 | D:6      | Noticed Menkaure
  7223 | D:6      | Killed Menkaure
  7224 | D:6      | Reached skill level 8 in Throwing
  7264 | D:6      | Noticed Sigmund
  7288 | D:6      | Killed Sigmund
  7299 | D:6      | Reached XP level 9. HP: 84/84 MP: 9/9
  7699 | D:6      | Reached skill level 9 in Throwing
  7905 | D:7      | Noticed Prince Ribbit
  7971 | D:7      | Reached skill level 5 in Dodging
  8154 | D:7      | Reached ** piety under Dithmenos
  8303 | D:7      | Killed Prince Ribbit
  8433 | D:7      | Found Rikujean's Weapon Shoppe.
  8769 | D:8      | Reached XP level 10. HP: 89/92 MP: 10/10
  8882 | D:8      | Noticed a two-headed ogre
  8896 | D:8      | Killed a two-headed ogre
  8897 | D:8      | Reached skill level 10 in Throwing
  9174 | D:8      | Found a staircase to the Lair.
  9191 | D:8      | Killed an unseen horror
  9618 | D:9      | Noticed a manticore
  9628 | D:9      | Killed a manticore
  9629 | D:9      | Reached skill level 5 in Fighting
  9692 | D:9      | Found an iron altar of Okawaru.
  9723 | D:9      | Reached *** piety under Dithmenos
  9810 | D:9      | Reached skill level 11 in Throwing
  9858 | D:9      | Reached XP level 11. HP: 63/105 MP: 11/11
 10148 | D:9      | Noticed an orb spider
 10151 | D:9      | Killed an orb spider
 10334 | D:9      | Found a broken altar of Ashenzari.
 10576 | D:10     | Entered Level 10 of the Dungeon
 10761 | D:10     | Found a stormy altar of Qazlal.
 10804 | D:10     | Found an ornate altar of the Wu Jian Council.
 11054 | D:10     | Found a flagged portal.
 11095 | D:10     | Reached **** piety under Dithmenos
 11109 | Bailey   | Entered a bailey
 11259 | Bailey   | Noticed an orc knight
 11770 | Lair:1   | Entered Level 1 of the Lair of Beasts
 11824 | Lair:1   | Reached skill level 10 in Maces & Flails
 11880 | Lair:1   | Noticed a seven-headed hydra
 11884 | Lair:1   | Killed a seven-headed hydra
 11885 | Lair:1   | Reached skill level 12 in Throwing
 11979 | Lair:1   | Slain by a blink frog

Illustrated notes

Levels and vault maps discovered:
D:1:      minmay_arrival_shattered_statue, layout_loops_cross,
          shapermc_ecumenical_altar_notcrosses, corexii_leaking_fountain
D:2:      layout_basic
D:3:      layout_loops_ring
D:4:      layout_basic, mainiacjoe_overflow_brackets,
          minmay_temple_entry_nine_rooms
D:5:      layout_rooms, eat_drink_and_be_merry_uskayaw, minitemple,
          portal_sewer_entry_f, uniq_pikel
D:6:      layout_cave_pods, old_standard_altar, hangedman_decor_lopped,
          uniq_menkaure, uniq_sigmund
D:7:      layout_basic, serial_shops, nicolae_take_the_stairs,
          uniq_prince_ribbit1
D:8:      layout_gridville, david_lair_shrubbed, lightli_minifort
D:9:      layout_loops_ring, mainiacjoe_overflow_tiny_flanked,
          nicolae_ashenzari_skybound, serial_undead, serial_undead_e,
          serial_undead_d, serial_undead_c, serial_undead_e, minmay_three_doors
D:10:     layout_stronghold, nzn_wu_jian_contemplation,
          nicolae_qazlal_eye_of_the_storm, lightli_bailey_entry_fortress
Temple:   corrupted_temple
Lair:1:   layout_loops_ring, guppyfry_lair_drakes

Skill      XL: |  1  2  3  4  5  6  7  8  9 10 11 |
---------------+----------------------------------+-----
Fighting       | 3 4 6 |  6.9
Throwing       | 5 6 7 8 9 11 12 | 12.3
Maces & Flails | 1 2 3 4 5 7 9 10 | 10.4
Dodging        | 2 3 4 5 6 |  6.4
Stealth        | |  0.6

Action                   |  1- 3 |  4- 6 |  7- 9 | 10-12 || total
-------------------------+-------+-------+-------+-------++-------
Melee: Short sword       |   145 |    40 |       |       ||   185
       Mace              |       |   137 |   119 |       ||   256
       Whip              |       |       |   175 |   381 ||   556
Throw: Stone             |    28 |    43 |       |       ||    71
       Large rock        |     4 |     5 |       |     8 ||    17
       Dart              |       |     9 |     2 |     5 ||    16
  Use: Potion            |       |     3 |       |     1 ||     4
       Scroll            |       |     2 |       |    11 ||    13
 Stab: Sleeping          |     1 |     1 |       |     1 ||     3
Armor: Robe              |    59 |    73 |       |       ||   132
       Troll leather arm |       |       |    80 |    71 ||   151
Dodge: Dodged            |   108 |   120 |   163 |   219 ||   610
